 Dungeon Crawl Stone Soup version 0.30.1-11-g7821555f0a (webtiles) character file.

Game seed: 1691370058705042918

614718 groovy9 the Invulnerable (level 26, -5/236 (239) HPs)
             Began as a Minotaur Berserker on Jan 12, 2024.
             Was the Champion of Trog.
             Slain by a dread lich (7 damage)
             ... on level 5 of the Realm of Zot.
             The game lasted 03:08:09 (46254 turns).

groovy9 the Invulnerable (Minotaur Berserker)      Turns: 46254, Time: 03:08:10

HP:   -5/236 (239)  AC: 41    Str: 26 (28) XL:     26   Next: 86%
MP:   2/19          EV: 16    Int:  5      God:    Trog [******]
Gold: 4214          SH:  4    Dex: 15 (16) Spells: 25/25 levels left

rFire   + + +        y - +6 executioner's axe (vamp)
rCold   . . .        (shield currently unavailable)
rNeg    + . .        n - +16 plate armour "Koleb" {rF+++}
rPois   +            h - +2 hat
rElec   .            P - +2 cloak {rF+}
rCorr   +            M - +2 pair of gloves
SInv    .            w - +2 pair of boots {rampage}
Will    +++++        N - necklace of Bloodlust {Fury *Rage Will++ Int-3 Slay+6} Stlth
                     L - ring "Aprazapt" {rPois rCorr Int+6 Dex+6}
HPRegen 1.59/turn    Z - ring of the Catamount {Fly rC+ rN+ Slay+2 Stlth+}
MPRegen 0.16/turn

%: random rage (50%), rampage
@: marked, strong-willed, corroded, vertiginous, on berserk cooldown, flying,
regenerating, studying Fighting, lightly drained, unable to read
A: horns 2, retaliatory headbutt, iridescent scales 1, large bone plates 1,
clumsy 1, deformed body, dopey 1, frail 1, low MP 1, weak 2, cold vulnerability
1, subdued magic 1, inability to drink after injury 1, inability to read after
injury 2
}: 3/15 runes: barnacled, silver, gossamer
a: Renounce Religion, Berserk, Trog's Hand, Brothers in Arms


You were on level 5 of the Realm of Zot.
You worshipped Trog.
Trog was exalted by your worship.
You visited 9 branches of the dungeon, and saw 47 of its levels.
You visited the Abyss 4 times.
You visited 1 bazaar.
You visited 1 ziggurat, and saw 5 of its levels.
You also visited: Ossuary, Bailey and Volcano.

You collected 8821 gold pieces.
You spent 4607 gold pieces at shops.

Inventory:

Hand Weapons
 y - a +6 vampiric executioner's axe (weapon)
Armour
 h - a +2 hat (worn)
 n - the +16 plate armour "Koleb" (worn) {rF+++}
   (You acquired it on level 8 of the Dungeon)

   rF:        It renders you almost immune to fire.
 w - a +2 pair of boots of rampaging (worn)
 M - a +2 pair of gloves (worn)
 P - a +2 cloak of fire resistance (worn)
Jewellery
 g - the ring "Dickaire" {rPois Will+ rCorr AC+4 Int+2}
   (You bought it in a shop in a bazaar)

   [ring of protection]

   AC:        It affects your AC (+4).
   Int:       It affects your intelligence (+2).
   rPois:     It protects you from poison.
   rCorr:     It protects you from acid and corrosion.
   Will:      It increases your willpower.
 L - the ring "Aprazapt" (left hand) {rPois rCorr Int+6 Dex+6}
   (You acquired it on level 10 of the Dungeon)

   [ring of intelligence]

   Int:       It affects your intelligence (+6).
   Dex:       It affects your dexterity (+6).
   rPois:     It protects you from poison.
   rCorr:     It protects you from acid and corrosion.
 N - the necklace of Bloodlust (around neck) {Fury *Rage Will++ Int-3 Slay+6}
   (You took it off a vault sentinel on level 5 of the Vaults)

   [amulet of nothing]

   Fury:      It extends the wearer's berserk rage when killing foes.
   Int:       It affects your intelligence (-3).
   Slay:      It affects your accuracy & damage with ranged weapons and melee
   (+6).
   *Rage:     It berserks you when you make melee attacks (+50% chance).
   Will:      It greatly increases your willpower.
 Z - the ring of the Catamount (right hand) {Fly rC+ rN+ Slay+2 Stlth+}
   (You acquired it on level 3 of the Realm of Zot)

   [ring of flight]

   Slay:      It affects your accuracy & damage with ranged weapons and melee
   (+2).
   rC:        It protects you from cold.
   rN:        It protects you from negative energy.
   Fly:       It grants you flight.
   Stlth:     It makes you more stealthy.
Wands
 a - a wand of iceblast (14)
 j - a wand of paralysis (55)
 k - a wand of acid (2)
 p - a wand of polymorph (12)
 v - a wand of mindburst (20)
 Q - a wand of digging (31)
Scrolls
 b - 4 scrolls of butterflies
 c - 26 scrolls of teleportation
 e - 3 scrolls of enchant armour
 r - 16 scrolls of noise
 t - 7 scrolls of blinking
 E - 4 scrolls of amnesia
 G - 6 scrolls of poison
 I - 7 scrolls of silence
 J - 12 scrolls of fear
 R - 15 scrolls of fog
 T - 8 scrolls of magic mapping
Potions
 d - 2 potions of magic
 f - 12 potions of ambrosia
 i - 23 potions of curing
 l - 7 potions of resistance
 m - 13 potions of might
 o - 15 potions of degeneration
 q - 2 potions of brilliance
 u - 15 potions of haste
 x - 6 potions of cancellation
 z - 3 potions of berserk rage
 A - 13 potions of heal wounds
 D - 7 potions of invisibility
 F - 7 potions of lignification
 H - 4 potions of flight
 K - 9 potions of mutation
Miscellaneous
 s - a tin of tremorstones (2/2)
 C - a phantom mirror
 S - a piece from Xom's chessboard (15/15)
 U - a box of beasts
 X - a lightning rod (4/4)


   Skills:
 O Level 27 Fighting
 - Level 23.5 Axes
 O Level 27 Armour
 O Level 27 Dodging
 + Level 23.7 Evocations


You had 25 spell levels left.
You didn't know any spells.
Your spell library was empty.

Dungeon Overview and Level Annotations

Branches:
Dungeon (15/15)            Temple (0/1) D:7            Lair (5/5) D:10
 Shoals (4/4) Lair:2       Spider (4/4) Lair:2        Slime (0/5) Lair:4
    Orc (2/2) D:11            Elf (3/3) Orc:2        Vaults (5/5) D:13
  Crypt (0/3) Vaults:2     Depths (4/4) D:15            Zot (5/5) Depths:4
Ossuary (visited)          Bailey (visited)         Volcano (visited)

Altars:
Ashenzari
Cheibriados
Dithmenos
Elyvilon
Fedhas
Gozag
Hepliaklqana
Kikubaaqudgha
Nemelex Xobeh
Qazlal
Ru
Sif Muna
Trog
Wu Jian
Yredelemnul
Zin
The Shining One
Jiyva
Lugonu

Shops:
D:4 (   D:13 *   D:14 *([!   Orc:2 (**:[   Elf:1 :   Elf:2 ::=   Shoals:3 [
Vaults:1 =   Vaults:3 [

Portals:
Hell: Depths:1 Depths:2 Depths:3 Depths:4
Abyss: Lair:5 Depths:1 Depths:3 Depths:4
Pandemonium: Orc:2 Depths:2 Depths:3

Annotations:
Shoals:1 Roxanne


Innate Abilities, Weirdness & Mutations

You have a pair of horns on your head.
You reflexively headbutt those who attack you in melee.
You are partially covered in iridescent scales. (AC +2)
You are partially covered in large bone plates. (SH +4)
You are clumsy. (Dex -2)
Armour fits poorly on your strangely shaped body.
You are dopey. (Int -2)
You are frail. (-10% HP)
Your magical capacity is low. (-10% MP)
You are very weak. (Str -4)
You are vulnerable to cold. (rC-)
Your spells are a little easier to cast, but a little less powerful.
You occasionally lose the ability to drink potions when taking damage.
You sometimes lose the ability to read scrolls when taking damage.


Message History

You slash the yellow draconian!
You feel better.
Your headbutt misses the yellow draconian.
The yellow draconian is lightly wounded.
You slice the Orb Guardian!!
You feel better.
You slash the white draconian!
You feel better.
You completely miss something. You barely miss the yellow draconian.
You slice something!! You hit something but do no damage.
You hit the cacodemon.
You hear some strange, mumbled words.
Something tries to affect you, but you resist.
The cacodemon hits you but does no damage. x2
You hear some strange, mumbled words.
Something touches you but does no damage.
The yellow draconian hits you but does no damage.
The Orb Guardian misses you. You furiously retaliate!
You headbutt the Orb Guardian!
The electric golem blinks!
The yellow draconian spits acid at you. The glob of acid hits you. You resist.
* * * LOW HITPOINT WARNING * * *
Your cyclops hits the cacodemon. The white draconian misses you.
You slash the yellow draconian!
You feel better.
You headbutt the yellow draconian, but do no damage.
The yellow draconian is moderately wounded.
You barely miss the yellow draconian. You closely miss something.
You slash something! Trog accepts your kill.
Trog appreciates your killing of a magic user.
Reactivating autopickup.
The cacodemon disappears in a puff of smoke!
The green death disappears in a puff of smoke!
The hell beast disappears in a puff of smoke!
You feel a bit more experienced.
You slash the Orb Guardian!
You feel better.
You slice the white draconian!! You hit something but do no damage.
Something touches you!
* * * LOW HITPOINT WARNING * * *
You partially resist.
You feel drained.
* * * LOW HITPOINT WARNING * * *
Deactivating autopickup; reactivate with Ctrl-A.
The yellow draconian hits you but does no damage.
Something touches you!
You die...

▓▓....^.../.......... ▓▓▓▓▓▓
▓.................... ......▓
▓..^...........^.....
.......▓▓9...^...............
.X......▓....................
..X.....§........^........^^.
.X......▓...§................
.......▓▓..X{{§p.............
....^^▓ ▓..d@)C..............
▓▓▓▓▓▓ #..dd§...............
##.....§.............
##▓.................
▓▓▓▓........^.....
#▓▓▓▓▓▓▓▓▓▓▓##....8
###.............^.... #
##....##†.............
.###########...###...............


You could see a Killer Klown (ally target), an electric golem, 2 draconians, a
white draconian, an Orb Guardian and a friendly cyclops (summoned, berserk).

Vanquished Creatures
  5 dread liches
  2 ancient liches (Vaults:5)
  Mennas (Vaults:2)
  7 orbs of fire
  Mara (Shoals:4)
  Frederick (Vaults:2)
  3 Killer Klowns
  5 curse toes
  The ghost of Canneaw the Unseen, a veteran GnDe of Gozag (Depths:3)
  Nikola (Vaults:2)
  9 golden dragons
  2 bone dragons (Abyss:4)
  Arachne (Spider:4)
  4 hellephants
  28 tentacled monstrosities
  An electric golem (Zot:5)
  The ghost of Kazon the Severer, an adept DsGl of Makhleb (Vaults:2)
  Asterion (Spider:2)
  A walking crystal tome (Depths:2)
  24 Orb Guardians (Zot:5)
  3 liches
  2 deep elf blademasters (Elf:3)
  6 titans
  A walking frostbound tome (Depths:3)
  10 death cobs
  11 acid blobs
  A walking earthen tome (Depths:2)
  6 quicksilver dragons
  2 deep elf master archers (Elf:3)
  An Executioner (Abyss:3)
  4 tentacled starspawn (Abyss:4)
  Kirke (D:14)
  9 shadow dragons
  4 sphinxes
  An ancient champion (Zig:5)
  10 tengu reavers
  14 draconian monks
  2 azure jellies (Depths:3)
  21 storm dragons
  9 fire giants
  3 rockslimes (Depths:3)
  8 draconian knights
  A fire giant (shapeshifter) (Vaults:5)
  3 iron dragons
  6 draconian scorchers
  4 spectral caustic shrikes (Depths:1)
  5 deep elf sorcerers
  15 frost giants
  3 emperor scorpions
  9 ghost moths
  2 orc warlords
  2 war gargoyles
  An angel (Depths:1)
  17 vault wardens
  4 draconian shifters (Zot:1)
  6 broodmothers
  14 very ugly things
  The ghost of Tang the Black Sun, a journeyman MeEE of Kikubaaqudgha (Spider:3)
  3 draconian stormcallers
  A deep elf elementalist (Elf:3)
  A reaper (Depths:3)
  A quicksilver ooze (Depths:3)
  7 draconian annihilators
  21 stone giants
  5 ironbound thunderhulks
  21 ironbound preservers
  A caustic shrike skeleton (Abyss:4)
  An ophan (Abyss:4)
  11 green draconians
  8 vampire knights
  A bunyip (Zig:1)
  7 deep elf demonologists
  Azrael (Orc:2)
  A dire elephant (shapeshifter) (D:12)
  11 red draconians
  8 purple draconians
  8 white draconians
  A lorocyproca (Depths:2)
  5 spark wasps
  23 yellow draconians
  10 deep elf annihilators
  16 dire elephants
  15 black draconians
  2 eidola
  11 deep elf death magi
  9 merfolk impalers
  9 fire dragons
  6 merfolk javelineers
  5 deep elf high priests
  The ghost of monsoonserge the Nimble, a journeyman TeRe of Okawaru (Lair:2)
  Josephine (D:15)
  14 ettins
  8 entropy weavers
  11 yaktaur captains
  2 great orbs of eyes
  7 ice dragons
  2 rakshasas
  3 catoblepae
  3 jorogumos
  The ghost of Yklotitu the Markscentaur, a journeyman CeHu of Okawaru (D:12)
  4 spriggan air magi
  31 vault guards
  6 radroaches
  10 ironbound frosthearts
  2 merfolk avatars
  2 alligator snapping turtles
  9 hydras
  16 centaur warriors
  3 ogre magi
  2 demonspawn (Orc:2)
  An anaconda (shapeshifter) (Vaults:5)
  2 peacekeepers (Vaults:3)
  6 boulder beetles
  40 dancing weapons
  11 two-headed ogres
  6 death yaks
  7 deep troll shamans
  2 satyrs
  6 deep troll earth magi
  4 thrashing horrors
  2 merfolk aquamancers (Shoals:4)
  13 hell hogs
  12 hell knights
  13 deep elf knights
  3 tengu warriors
  3 vampire magi
  4 spriggan berserkers
  A sun demon (Orc:2)
  8 soul eaters
  8 orc high priests
  2 fire crabs (shapeshifter)
  8 pharaoh ants
  2 sixfirhies
  A fire crab (Lair:5)
  A shadow wraith (Vaults:5)
  7 wretched stars
  4 iron trolls
  7 skysharks
  A sun moth (Spider:3)
  A salamander mystic (Depths:4)
  A sea snake (shapeshifter) (Elf:3)
  60 deep trolls
  A spatial maelstrom (Abyss:3)
  A death drake (shapeshifter) (Vaults:5)
  11 orb spiders
  A quicksilver dragon simulacrum (Depths:2)
  11 sea snakes
  4 flayed ghosts
  A shadow demon (Depths:2)
  16 deep elf archers
  3 deep trolls (shapeshifter) (Vaults:5)
  A golden dragon skeleton (Depths:2)
  8 steelbarb worms
  8 glowing orange brains
  Pikel (D:7)
  4 phantasmal warriors
  A spriggan simulacrum (Abyss:4)
  7 harpies
  10 wizards
  2 necromancers (Depths:2)
  11 lindwurms
  A mana viper (shapeshifter) (Vaults:5)
  4 oklob plants
  The ghost of Grimwise the Trooper, a novice DsTm of Qazlal (D:7)
  35 deep elf pyromancers
  45 ugly things
  22 wolf spiders
  22 ironbound convokers
  9 orc knights
  8 orc sorcerers
  28 deep elf zephyrmancers
  16 fauns
  A worldbinder (Abyss:3)
  2 shining eyes
  14 manticores
  3 salamanders (Depths:4)
  12 merfolk sirens
  An ice statue (Vaults:4)
  A moth of wrath (shapeshifter) (Abyss:4)
  25 moths of wrath
  9 cyclopes
  17 elephants
  3 eyes of devastation (Depths:3)
  A guardian serpent (Abyss:4)
  2 water nymphs (shapeshifter)
  2 molten gargoyles (Volcano)
  6 water nymphs
  2 black mambas
  2 gargoyles
  23 vault sentinels
  8 smoke demons
  An orange demon (Depths:3)
  12 torpor snails
  7 demonic crawlers
  3 unseen horrors
  13 cane toads
  Maggie (D:7)
  3 rime drakes
  44 yaktaurs
  A yaktaur (shapeshifter) (Depths:4)
  2 hellions
  4 tengu conjurers
  4 kobold demonologists
  6 freezing wraiths
  A harpy zombie (Abyss:4)
  A spriggan skeleton (Depths:2)
  4 ancient zymes
  14 komodo dragons
  2 red devils
  An ice devil (Abyss:4)
  32 tarantellas
  A hornet (D:10)
  19 merfolk
  A meliai (Spider:4)
  5 wind drakes
  A wolf spider simulacrum (D:12)
  4 trolls
  9 raiju (Abyss:4)
  Prince Ribbit (D:7)
  23 blink frogs
  A harpy skeleton (Abyss:4)
  A polar bear (shapeshifter) (Depths:3)
  5 snapping turtles
  40 slime creatures
  11 dream sheep
  A frost giant simulacrum (Depths:2)
  22 culicivoras
  2 centaur simulacra (D:14)
  Sigmund (D:2)
  33 jumping spiders
  22 small abominations
  A spriggan (shapeshifter) (Elf:2)
  A spriggan (Lair:5)
  3 air elementals
  10 water elementals
  4 ynoxinuls
  2 vampires (D:10)
  3 shadows
  19 yaks
  8 wyverns
  5 fire bats
  61 redbacks
  2 steam dragons
  4 fire elementals (Orc:2)
  5 wraiths
  6 basilisks
  The ghost of cdecastro the Slasher, an amateur AtWr (D:3)
  4 hogs (D:14)
  3 vampire mosquitoes
  9 chaos spawn
  3 neqoxecs
  7 wargs
  2 spatial vortices (Abyss:3)
  An acid dragon (shapeshifter) (Lair:5)
  9 acid dragons
  14 water moccasins
  Menkaure (D:4)
  Duvessa (D:7)
  3 hell hounds (Orc:2)
  23 large abominations
  52 orc warriors
  An ice beast (D:12)
  2 black bears
  6 boggarts
  2 ogres
  A centaur (shapeshifter) (Vaults:5)
  6 centaurs
  19 wolves
  4 lemures (D:7)
  A phantom (D:4)
  2 kobold brigands (D:7)
  7 bullfrogs
  3 gnoll sergeants
  2 earth elementals
  5 scorpions
  Dowan (D:7)
  11 killer bees
  3 howler monkeys
  11 electric eels
  5 lava snakes (Volcano)
  A quasit (Abyss:4)
  5 hounds
  A gnoll bouda (D:7)
  Crazy Yiuf (D:6)
  19 jellies
  24 orc priests
  An iron imp (Abyss:4)
  A sleepcap (D:6)
  4 iguanas
  24 orc wizards
  6 hell rats (Lair:4)
  14 mummies (Ossuary)
  12 adders
  19 gnolls
  A shadow imp (D:7)
  5 white imps
  2 ufetubi
  A dart slug (D:5)
  96 orcs
  6 endoplasms
  3 giant cockroaches
  21 goblins
  15 hobgoblins
  5 jackals
  18 kobolds
  3 quokkas
  6 ball pythons
  4 bats
  5 frilled lizards
  3 gnoll skeletons (Ossuary)
  2 goblin skeletons (Ossuary)
  3 orc skeletons (Ossuary)
  3 rats
  11 rat skeletons (Ossuary)
  2 rat zombies (D:14)
  A lurking horror (Abyss:4)
  3 spectral weapons (Spider:2)
  2 starspawn tentacles (Abyss:4)
2434 creatures vanquished.

Vanquished Creatures (collateral kills)
  2 ironbound preservers (Vaults:5)
  A deep elf annihilator (Vaults:5)
  A deep troll (Vaults:5)
  An ironbound convoker (Vaults:5)
  2 vault sentinels (Vaults:5)
  A hornet (Depths:2)
  A spriggan (Depths:2)
9 creatures vanquished.

Vanquished Creatures (others)
  An ancient lich (Zot:5)
  A Killer Klown (Zot:5)
  A titan (Vaults:5)
  A deep troll (Vaults:4)
  2 deep elf archers
  2 wolf spiders
  A blink frog (Lair:5)
  A fire bat (Abyss:4)
  A yak (shapeshifter) (Abyss:4)
  A naga (shapeshifter) (Abyss:4)
  An electric eel (Elf:3)
  10 starspawn tentacles (Abyss:4)
23 creatures vanquished.

Grand Total: 2466 creatures vanquished

Notes
Turn   | Place    | Note
-------+----------+-------------------------------------------
     0 | D:1      | groovy9 the Minotaur Berserker began the quest for the Orb.
     0 | D:1      | Reached XP level 1. HP: 19/19 MP: 0/0
   123 | D:1      | Reached XP level 2. HP: 27/27 MP: 1/1
   758 | D:2      | Reached ** piety under Trog
   759 | D:2      | Reached XP level 3. HP: 33/33 MP: 2/2
   981 | D:2      | Noticed Sigmund
   987 | D:2      | Killed Sigmund
   988 | D:2      | Reached skill level 5 in Axes
   988 | D:2      | Reached XP level 4. HP: 41/41 MP: 3/3
   988 | D:2      | Reached XP level 5. HP: 47/47 MP: 4/4
  1488 | D:3      | Identified the +3 flail of Dried Tears {pain, rF++ Int+3}
  1591 | D:3      | Reached XP level 6. HP: 55/55 MP: 5/5
  1711 | D:3      | Noticed cdecastro's ghost (amateur AtWr)
  1716 | D:3      | Found a runed translucent door.
  1735 | D:3      | Killed cdecastro's ghost
  1736 | D:3      | Reached skill level 5 in Fighting
  2209 | D:4      | Found Wocwigul's Weapon Boutique.
  2241 | D:4      | Noticed Menkaure
  2247 | D:4      | Killed Menkaure
  2248 | D:4      | Reached XP level 7. HP: 61/61 MP: 6/6
  2315 | D:4      | Identified the +12 war axe of Qiywet {flame, *Rage Dex+4
                  | SInv}
  2342 | D:4      | Reached *** piety under Trog
  3084 | D:5      | Entered Level 5 of the Dungeon
  3118 | D:5      | Found a shadowy altar of Dithmenos.
  3152 | D:5      | Reached skill level 5 in Armour
  3187 | D:5      | Reached XP level 8. HP: 70/70 MP: 7/7
  3217 | D:5      | Found a white marble altar of Elyvilon.
  3234 | D:5      | Found a sand-covered staircase.
  3243 | Ossuary  | Entered an ossuary
  3265 | Ossuary  | Reached skill level 5 in Dodging
  3335 | Ossuary  | Reached **** piety under Trog
  4179 | D:5      | Found an ancient bone altar of Kikubaaqudgha.
  4179 | D:5      | Found an ornate altar of the Wu Jian Council.
  4187 | D:5      | Found a faded altar of an unknown god.
  4189 | D:5      | Found a hazy altar of Hepliaklqana.
  4191 | D:5      | Found a stormy altar of Qazlal.
  4852 | D:6      | Reached XP level 9. HP: 79/79 MP: 8/8
  4921 | D:6      | Found a sacrificial altar of Ru.
  5219 | D:6      | Found a runed translucent door.
  5220 | D:6      | Noticed Crazy Yiuf
  5229 | D:6      | Killed Crazy Yiuf
  5298 | D:6      | Reached skill level 10 in Axes
  5313 | D:6      | Found the +6 shillelagh "Devastator" {shatter}
  5585 | D:7      | Noticed Maggie
  5596 | D:7      | Killed Maggie
  5698 | D:7      | Noticed Pikel
  5705 | D:7      | Killed Pikel
  5775 | D:7      | Noticed Prince Ribbit
  5782 | D:7      | Killed Prince Ribbit
  5785 | D:7      | Found a runed translucent gate.
  5785 | D:7      | Found a runed translucent gate.
  5800 | D:7      | Found an opulent altar of Gozag.
  5801 | D:7      | Found a runed translucent gate.
  5822 | D:7      | Noticed Grimwise's ghost (novice DsTm)
  5823 | D:7      | Noticed a cyclops
  5842 | D:7      | Killed Grimwise's ghost
  5843 | D:7      | Reached XP level 10. HP: 90/90 MP: 9/9
  5843 | D:7      | Killed a cyclops
  5852 | D:7      | Identified the +12 falchion "Haibi" {elec, *Slow Fly rPois
                  | Dex+5}
  5922 | D:7      | Reached ***** piety under Trog
  5963 | D:7      | Found a staircase to the Ecumenical Temple.
  5982 | D:7      | Noticed Duvessa
  5982 | D:7      | Noticed Dowan
  5989 | D:7      | Killed Duvessa
  5992 | D:7      | Killed Dowan
  6276 | D:7      | You fall into a shaft and drop 1 floor!
  6536 | D:8      | Found a flagged portal.
  6545 | Bailey   | Entered a bailey
  6613 | Bailey   | Noticed an orc knight
  6622 | Bailey   | Killed an orc knight
  6771 | Bailey   | Reached XP level 11. HP: 99/99 MP: 10/10
  6823 | Bailey   | Noticed an orc warlord
  6826 | Bailey   | Received a gift from Trog
  6836 | Bailey   | Killed an orc warlord
  6837 | Bailey   | Reached skill level 10 in Fighting
  6964 | Bailey   | Found the +15 Maxwell's patent armour {-Cast -Tele rElec
                  | Will+ rCorr}
  7050 | D:8      | Acquired 812 gold pieces
  7053 | D:8      | Acquired the +16 plate armour "Koleb" {rF+++}
  7109 | D:8      | Found a glowing silver altar of Zin.
  7514 | D:9      | Found a snail-covered altar of Cheibriados.
  7515 | D:9      | Identified the staff of fire "Zoixisuu" {rF+ Str+5}
  7634 | D:9      | Found a sparkling altar of Nemelex Xobeh.
  7778 | D:9      | Found a shimmering blue altar of Sif Muna.
  7996 | D:10     | Entered Level 10 of the Dungeon
  7996 | D:10     | Found a staircase to the Lair.
  8007 | D:10     | Reached skill level 10 in Armour
  8108 | D:10     | Paralysed by a hornet for 3 turns
  8324 | D:10     | Found a bloodstained altar of Trog.
  8703 | D:10     | Acquired the ring "Aprazapt" {rPois rCorr Int+6 Dex+6}
  8756 | Lair:1   | Entered Level 1 of the Lair of Beasts
  8908 | Lair:1   | Noticed a death yak
  8917 | Lair:1   | Killed a death yak
  8941 | Lair:1   | Found a dark tunnel.
  8949 | Volcano  | Entered a volcano
  9259 | Volcano  | Noticed a two-headed ogre
  9261 | Volcano  | Found a bloodstained altar of Trog.
  9262 | Volcano  | Noticed a two-headed ogre
  9262 | Volcano  | Noticed an ogre mage
  9262 | Volcano  | Noticed a two-headed ogre
  9264 | Volcano  | Killed a two-headed ogre
  9268 | Volcano  | Killed a two-headed ogre
  9273 | Volcano  | Killed a two-headed ogre
  9274 | Volcano  | Reached skill level 15 in Axes
  9276 | Volcano  | Killed an ogre mage
  9277 | Volcano  | Reached skill level 10 in Dodging
  9277 | Volcano  | Reached XP level 12. HP: 78/110 MP: 11/11
  9377 | Volcano  | Noticed a two-headed ogre
  9383 | Volcano  | Killed a two-headed ogre
 10423 | Lair:2   | Received a gift from Trog
 10458 | Lair:2   | Found a runed translucent door.
 10459 | Lair:2   | Noticed monsoonserge's ghost (journeyman TeRe)
 10484 | Lair:2   | Killed monsoonserge's ghost
 10486 | Lair:2   | Identified the staff of earth "Moyweg" {Dex+2}
 10579 | Lair:2   | Found a hole to the Spider Nest.
 11494 | Lair:3   | Reached XP level 13. HP: 119/119 MP: 12/12
 12230 | Lair:4   | Found a staircase to the Slime Pits.
 12321 | Lair:4   | Found a viscous altar of Jiyva.
 13061 | Lair:5   | Entered Level 5 of the Lair of Beasts
 13082 | Lair:5   | Received a gift from Trog
 13087 | Lair:5   | Reached skill level 1 in Evocations
 13185 | Lair:5   | Found a broken altar of Ashenzari.
 13206 | Lair:5   | Reached ****** piety under Trog
 13336 | Lair:5   | Reached XP level 14. HP: 117/130 MP: 13/13
 13805 | Lair:5   | Identified the +0 chain mail "Lodgheor" {*Slow rF+ rN++
                  | Int-3}
 13887 | Lair:5   | Found a corrupted altar of Lugonu.
 13891 | Lair:5   | Found a one-way gate to the infinite horrors of the Abyss.
 13924 | Lair:5   | Identified the amulet "Fuintorch" {Regen+ Str+3 Dex+3}
 13936 | Lair:5   | Identified the +6 spear of Articulation {elec, Str+2 Int+2}
 13981 | Lair:5   | Received a gift from Trog
 14385 | D:11     | Paralysed by an orc for 2 turns
 14949 | D:11     | Found a staircase to the Orcish Mines.
 15001 | Orc:1    | Entered Level 1 of the Orcish Mines
 15276 | Orc:1    | Paralysed by an orc sorcerer for 4 turns
 15464 | Orc:2    | Entered Level 2 of the Orcish Mines
 15464 | Orc:2    | Found Qienal's Weapon Shoppe.
 15475 | Orc:2    | Found a staircase to the Elven Halls.
 15499 | Orc:2    | Reached skill level 5 in Evocations
 15499 | Orc:2    | Noticed Azrael
 15510 | Orc:2    | Killed Azrael
 15775 | Orc:2    | Found Xuzed's General Store.
 15787 | Orc:2    | Found Pisedgh's General Store.
 15895 | Orc:2    | Bought a scroll of identify for 26 gold pieces
 15895 | Orc:2    | Bought a scroll of enchant armour for 97 gold pieces
 15895 | Orc:2    | Bought 2 scrolls of identify for 52 gold pieces
 15934 | Orc:2    | Bought a scroll of acquirement for 676 gold pieces
 15934 | Orc:2    | Acquired the ring "Ysanami" {rC+ Str+4 Int+6}
 15938 | Orc:2    | Bought the +1 pair of boots of Wisdom {Str+3} for 296 gold
                  | pieces
 16027 | Orc:2    | Received a gift from Trog
 16291 | Orc:2    | Reached XP level 15. HP: 101/139 MP: 14/14
 16347 | Orc:2    | Reached skill level 15 in Fighting
 16380 | Orc:2    | Found Namywo's Book Boutique.
 16380 | Orc:2    | Found a one-way gate leading to the halls of Pandemonium.
 16380 | Orc:2    | Found Jeul's Antique Armour Shop.
 16498 | D:12     | Reached skill level 15 in Armour
 16671 | D:12     | Found a runed translucent door.
 16672 | D:12     | Noticed a sphinx
 16681 | D:12     | Killed a sphinx
 16704 | D:12     | Noticed a fenstrider witch
 16705 | D:12     | Noticed a storm dragon
 16705 | D:12     | a fenstrider witch changed into a fire giant
 16705 | D:12     | Noticed a fire giant (glowing shapeshifter)
 16706 | D:12     | a fire giant changed into an iron troll
 16712 | D:12     | Killed a storm dragon
 16712 | D:12     | an eleionoma changed into a frost giant
 16712 | D:12     | Noticed a frost giant (glowing shapeshifter)
 16714 | D:12     | a frost giant changed into a quicksilver dragon
 16714 | D:12     | Noticed a quicksilver dragon (glowing shapeshifter)
 16716 | D:12     | a quicksilver dragon changed into a dire elephant
 16789 | D:12     | Noticed Yklotitu's ghost (journeyman CeHu)
 16790 | D:12     | Found a runed translucent gate.
 16790 | D:12     | Found a runed translucent gate.
 16792 | D:12     | Found a runed translucent gate.
 16798 | D:12     | Received a gift from Trog
 16848 | D:12     | Killed Yklotitu's ghost
 17263 | D:13     | Found a gate to the Vaults.
 17309 | D:13     | Bought a scroll of identify for 34 gold pieces
 17309 | D:13     | Bought a scroll of enchant armour for 127 gold pieces
 17309 | D:13     | Bought a scroll of teleportation for 51 gold pieces
 17863 | D:14     | Noticed Kirke
 17877 | D:14     | Killed Kirke
 17906 | D:14     | Found a transporter.
 17906 | D:14     | Found Pyecvoinn's Distillery.
 17908 | D:14     | Found a transporter.
 17913 | D:14     | Bought a potion of might for 68 gold pieces
 17913 | D:14     | Bought a potion of might for 68 gold pieces
 17934 | D:14     | Found a blossoming altar of Fedhas.
 18026 | D:14     | Found Kiajit's Antique Armour Emporium.
 18272 | D:14     | Found Miadil's Antique Weapon Shop.
 18310 | D:14     | Found Xefugor's Assorted Antiques.
 18315 | D:14     | Bought 3 lumpy silvery potions for 94 gold pieces
 18328 | D:14     | Found Tonol's Book Shoppe.
 18520 | D:14     | Found an ancient bone altar of Kikubaaqudgha.
 18740 | Shoals:1 | Entered Level 1 of the Shoals
 18808 | Shoals:1 | Reached XP level 16. HP: 151/151 MP: 15/15
 18808 | Shoals:1 | Received a gift from Trog
 19208 | Shoals:1 | Identified the +1 broad axe of the Gloaming {freeze, rPois
                  | Str+5 Int-3}
 19208 | Shoals:1 | Noticed Roxanne
 19633 | Shoals:2 | Received a gift from Trog
 19641 | Shoals:2 | Reached skill level 15 in Dodging
 19710 | Shoals:2 | Paralysed by a merfolk siren for 2 turns
 20420 | Shoals:3 | Found Hublocw's Armour Shop.
 20615 | Shoals:4 | Entered Level 4 of the Shoals
 20620 | Shoals:4 | Identified the +0 robe "Koujehuc" {+Inv}
 20969 | Shoals:4 | Received a gift from Trog
 20981 | Shoals:4 | Got a barnacled rune of Zot
 21053 | Shoals:4 | Reached XP level 17. HP: 161/161 MP: 16/16
 21135 | Shoals:4 | Noticed Mara
 21148 | Shoals:4 | Noticed groovy9's illusion
 21162 | Shoals:4 | HP: 5/158 [groovy9's illusion (illusionary)[Mara] (4)]
 21271 | Shoals:4 | Found the +8 storm bow {elec, penet}
 21300 | Shoals:4 | Killed Mara
 21917 | Elf:1    | Entered Level 1 of the Elven Halls
 21952 | Elf:1    | Paralysed by an air elemental for 1 turns
 22020 | Elf:1    | Found Pinai's Self-Improvement Boutique.
 22600 | Elf:2    | Noticed a Hell Sentinel
 22662 | Elf:2    | Received a gift from Trog
 22985 | Elf:2    | Received a gift from Trog
 22987 | Elf:2    | Found a runed translucent gate.
 22987 | Elf:2    | Found a runed translucent gate.
 23006 | Elf:2    | Reached skill level 10 in Evocations
 23006 | Elf:2    | Found a runed translucent gate.
 23190 | Elf:2    | Found Xamnet's Jewellery Emporium.
 23191 | Elf:2    | Found Sacvopna's Book Shop.
 23191 | Elf:2    | Found Houqek's Book Shop.
 23352 | Elf:2    | Identified the +0 robe "Ibre" {Str-4 Int+4}
 23517 | Elf:2    | Reached XP level 18. HP: 172/172 MP: 5/17
 23756 | Elf:2    | Received a gift from Trog
 24150 | Spider:1 | Entered Level 1 of the Spider Nest
 25120 | Spider:2 | Noticed Asterion
 25136 | Spider:2 | Killed Asterion
 25193 | Spider:2 | Paralysed by a Zot trap for 3 turns
 25306 | Spider:2 | Received a gift from Trog
 25890 | Spider:3 | Found a runed translucent door.
 25933 | Spider:3 | Received a gift from Trog
 25949 | Spider:3 | Found a runed translucent gate.
 25958 | Spider:3 | Found a runed translucent gate.
 25959 | Spider:3 | Found a runed translucent gate.
 25959 | Spider:3 | Noticed Tang's ghost (journeyman MeEE)
 25975 | Spider:3 | Gained mutation: You have sharp fingernails. [mutagenic
                  | glow]
 25986 | Spider:3 | Killed Tang's ghost
 25987 | Spider:3 | Gained mutation: Your magical capacity is low. (-10% MP)
                  | [mutagenic glow]
 26001 | Spider:3 | Identified the +1 helmet of the Antique God {*Slow rCorr
                  | Str+8}
 26235 | Spider:4 | Entered Level 4 of the Spider Nest
 26532 | Spider:4 | Reached XP level 19. HP: 182/182 MP: 16/16
 26928 | Spider:4 | Received a gift from Trog
 27195 | Spider:4 | Noticed Arachne
 27223 | Spider:4 | Killed Arachne
 27307 | Spider:4 | Got a gossamer rune of Zot
 27752 | Elf:3    | Entered Level 3 of the Elven Halls
 28370 | Abyss:3  | Cast into level 3 of the Abyss (a deep elf demonologist)
 28511 | Abyss:3  | Received a gift from Trog
 28592 | Abyss:4  | Noticed a bone dragon
 28609 | Abyss:4  | Killed a bone dragon
 28705 | Elf:3    | Escaped the Abyss
 28715 | Elf:3    | Noticed a Brimstone Fiend
 29047 | Abyss:4  | Cast into level 4 of the Abyss (a deep elf sorcerer)
 29074 | Elf:3    | Escaped the Abyss
 29287 | Abyss:4  | Cast into level 4 of the Abyss (a deep elf demonologist)
 29425 | Abyss:4  | Noticed a hellephant
 29431 | Abyss:4  | Noticed a bone dragon
 29438 | Abyss:4  | Killed a hellephant
 29442 | Abyss:4  | Killed a bone dragon
 29455 | Abyss:4  | Received a gift from Trog
 29456 | Abyss:4  | Reached XP level 20. HP: 98/193 MP: 17/17
 29529 | Elf:3    | Escaped the Abyss
 29565 | Abyss:4  | Cast into level 4 of the Abyss (a deep elf sorcerer)
 29603 | Abyss:4  | Found a corrupted altar of Lugonu.
 29700 | Abyss:4  | Found a corrupted altar of Lugonu.
 29786 | Elf:3    | Escaped the Abyss
 29831 | Elf:3    | Received a gift from Trog
 29876 | Elf:3    | Identified the +9 mace "Dragonslayer" {pain, rC+ Int+2}
 30069 | Elf:3    | Identified the staff of poison "Wusal" {rPois Str+3}
 30431 | Vaults:1 | Entered Level 1 of the Vaults
 30592 | Vaults:1 | Found Nobem's Jewellery Boutique.
 30595 | Vaults:1 | Bought the ring "Tahawiur" {rN+ Str+2} for 624 gold pieces
 30997 | Vaults:1 | Paralysed by a sphinx for 4 turns
 31069 | Vaults:1 | Received a gift from Trog
 31462 | Vaults:2 | Received a gift from Trog
 31541 | Vaults:2 | Found a staircase to the Crypt.
 31541 | Vaults:2 | Found a basalt altar of Yredelemnul.
 31541 | Vaults:2 | Found an ancient bone altar of Kikubaaqudgha.
 31562 | Vaults:2 | Noticed Mennas
 31615 | Vaults:2 | Killed Mennas
 31867 | Vaults:2 | Found a transporter.
 31867 | Vaults:2 | Identified the +0 giant club of Causality {flame, rPois
                  | Int+4}
 31868 | Vaults:2 | Noticed Kazon's ghost (adept DsGl)
 31869 | Vaults:2 | Found a transporter.
 31948 | Vaults:2 | Killed Kazon's ghost
 32005 | Vaults:2 | Reached XP level 21. HP: 204/204 MP: 17/17
 32048 | Vaults:2 | Noticed Nikola
 32060 | Vaults:2 | Killed Nikola
 32143 | Vaults:2 | Noticed Frederick
 32154 | Vaults:2 | Killed Frederick
 32207 | Vaults:2 | Acquired 1195 gold pieces
 32555 | Vaults:3 | Identified the +5 halberd of Rygrooto {flame, rN+ rCorr
                  | Int+3 Dex+2}
 32601 | Vaults:3 | Received a gift from Trog
 33001 | Vaults:3 | Found Zoiveaja's Antique Armour Shoppe.
 33009 | Vaults:3 | Bought a bloodstained plate armour for 952 gold pieces
 33009 | Vaults:3 | Identified the +0 plate armour of Past Mistakes {rElec
                  | rPois rF+ Str-4} (You bought it in a shop on level 3 of the
                  | Vaults)
 33110 | Vaults:3 | Received a gift from Trog
 33553 | Vaults:4 | Received a gift from Trog
 33631 | Vaults:4 | Found a gateway to a bazaar.
 33642 | Bazaar   | Entered a bazaar
 33659 | Bazaar   | Found Coneg's Jewellery Emporium.
 33661 | Bazaar   | Found Aryph's Book Shoppe.
 33666 | Bazaar   | Found Nuasig's Armour Emporium.
 33666 | Bazaar   | Found Kylaept's Distillery.
 33680 | Bazaar   | Bought a potion of heal wounds for 75 gold pieces
 33680 | Bazaar   | Bought a potion of curing for 45 gold pieces
 33680 | Bazaar   | Bought a potion of curing for 45 gold pieces
 33864 | Bazaar   | Bought the ring "Dickaire" {rPois Will+ rCorr AC+4 Int+2}
                  | for 751 gold pieces
 34109 | Vaults:4 | Received a gift from Trog
 34122 | Vaults:4 | Reached XP level 22. HP: 206/217 MP: 18/18
 34715 | Vaults:5 | Entered Level 5 of the Vaults
 34715 | Vaults:5 | Noticed a dread lich
 34736 | Vaults:5 | Received a gift from Trog
 34740 | Vaults:5 | Killed a dread lich
 34802 | Vaults:5 | Noticed a golden dragon
 34821 | Vaults:5 | Killed a golden dragon
 34832 | Vaults:5 | Noticed an ancient lich
 34835 | Vaults:5 | Noticed an ancient lich
 34852 | Vaults:5 | Killed an ancient lich
 34852 | Vaults:5 | Received a gift from Trog
 34854 | Vaults:5 | Noticed a dread lich
 34868 | Vaults:5 | Killed an ancient lich
 34890 | Vaults:5 | Killed a dread lich
 34895 | Vaults:5 | Noticed a golden dragon
 34956 | Vaults:5 | Received a gift from Trog
 34958 | Vaults:5 | Reached XP level 23. HP: 229/229 MP: 19/19
 35128 | Vaults:5 | Identified the +4 plate armour of Akhany {Will+ Dex+4}
 35183 | Vaults:5 | Identified the +1 quarterstaff of Defence {speed, SInv}
 35359 | Vaults:5 | Identified the +1 battleaxe of Invincibility {pain, Stlth+}
 35365 | Vaults:5 | Identified the +1 leather armour of the Other World
                  | {Stlth+}
 35392 | Vaults:5 | Identified the staff of air "Imuidi" {rElec Int+6}
 35566 | Vaults:5 | Got a silver rune of Zot
 35629 | Vaults:5 | Acquired a manual of Evocations
 36209 | Orc:2    | Bought a pair of embroidered gloves for 247 gold pieces
 36239 | Orc:2    | Bought a +1 pair of boots of rampaging for 214 gold pieces
 36252 | Orc:2    | Bought a potion of heal wounds for 65 gold pieces
 36459 | D:15     | Entered Level 15 of the Dungeon
 36504 | D:15     | Found a hazy altar of Hepliaklqana.
 36559 | D:15     | Noticed Josephine
 36564 | D:15     | Killed Josephine
 36768 | D:15     | Identified the +2 robe of Trumpets {Drain Dex+4}
 36768 | D:15     | Identified the +0 scale mail "Caoprua" {rPois Will- Regen+
                  | Slay+2}
 36821 | D:15     | Found a staircase to the Depths.
 37022 | Depths:1 | Entered Level 1 of the Depths
 37029 | Depths:1 | Found a one-way gateway to a ziggurat.
 37060 | Zig:1    | Entered Level 1 of a ziggurat
 37070 | Zig:2    | Entered Level 2 of a ziggurat
 37075 | Zig:2    | Received a gift from Trog
 37089 | Zig:3    | Entered Level 3 of a ziggurat
 37106 | Zig:4    | Entered Level 4 of a ziggurat
 37109 | Zig:4    | Noticed a dread lich
 37127 | Zig:4    | Killed a dread lich
 37145 | Zig:5    | Entered Level 5 of a ziggurat
 37200 | Depths:1 | Identified the +3 mace "Itrez" {venom, Drain rF+ Dex+3}
 37273 | Depths:1 | Found a gateway to Hell.
 37486 | Depths:1 | Found the +8 Vampire's Tooth {megavamp}
 37928 | Depths:1 | Received a gift from Trog
 38242 | Depths:2 | Reached skill level 15 in Evocations
 38469 | Depths:2 | Identified the +3 chain mail of Parsimonious Music {Dex+3}
 38617 | Depths:2 | Received a gift from Trog
 38618 | Depths:2 | Reached skill level 27 in Armour
 38631 | Depths:2 | Reached XP level 24. HP: 245/245 MP: 19/19
 39229 | Depths:3 | Received a gift from Trog
 39288 | Depths:3 | Reached skill level 27 in Fighting
 39343 | Depths:3 | Found a runed translucent gate.
 39343 | Depths:3 | Found a runed translucent gate.
 39346 | Depths:3 | Found a runed translucent gate.
 39347 | Depths:3 | Noticed Canneaw's ghost (veteran GnDe)
 40119 | Depths:3 | Found a viscous altar of Jiyva.
 40142 | Depths:3 | Killed Canneaw's ghost
 40144 | Depths:3 | Gained mutation: Armour fits poorly on your strangely
                  | shaped body. [a shining eye]
 40147 | Depths:3 | Gained mutation: You occasionally lose the ability to read
                  | scrolls when taking damage. [a shining eye]
 40206 | Depths:4 | Entered Level 4 of the Depths
 40300 | Depths:4 | Received a gift from Trog
 40752 | Depths:4 | Found a glowing silver altar of Zin.
 40753 | Depths:4 | Found a white marble altar of Elyvilon.
 40754 | Depths:4 | Found a glowing golden altar of the Shining One.
 40819 | Depths:4 | Found a gate to the Realm of Zot.
 41198 | Zot:1    | Entered Level 1 of the Realm of Zot
 41291 | Depths:4 | Lost mutation: Armour fits poorly on your strangely shaped
                  | body. [potion of mutation]
 41291 | Depths:4 | Lost mutation: You have sharp fingernails. [potion of
                  | mutation]
 41291 | Depths:4 | Lost mutation: Your magical capacity is low. (-10% MP)
                  | [potion of mutation]
 41291 | Depths:4 | Gained mutation: Your spells are a little harder to cast,
                  | but a little more powerful. [potion of mutation]
 41534 | Zot:1    | Reached XP level 25. HP: 257/257 MP: 22/22
 41564 | Zot:1    | Received a gift from Trog
 41823 | Zot:1    | Noticed an orb of fire
 41832 | Zot:1    | Killed an orb of fire
 42204 | Zot:1    | You fall into a shaft and drop 1 floor!
 42311 | Zot:2    | Received a gift from Trog
 43722 | Zot:3    | Acquired the ring of the Catamount {Fly rC+ rN+ Slay+2
                  | Stlth+}
 44500 | Zot:3    | Reached skill level 27 in Dodging
 44577 | Zot:4    | Noticed a Killer Klown
 44585 | Zot:4    | Killed a Killer Klown
 44591 | Zot:4    | Reached XP level 26. HP: 266/266 MP: 22/22
 44642 | Zot:4    | Received a gift from Trog
 44973 | Zot:4    | Identified the +3 battleaxe of Indomitability {heavy,
                  | Dex+3}
 45840 | Zot:5    | Entered Level 5 of the Realm of Zot
 46005 | Zot:5    | Noticed a dread lich
 46015 | Zot:5    | Noticed an orb of fire
 46019 | Zot:5    | Killed a dread lich
 46019 | Zot:5    | Gained mutation: You are clumsy. (Dex -2) [an orb of fire]
 46019 | Zot:5    | Noticed an orb of fire
 46022 | Zot:5    | Noticed an orb of fire
 46026 | Zot:5    | Gained mutation: You sometimes lose the ability to read
                  | scrolls when taking damage. [an orb of fire]
 46030 | Zot:5    | Gained mutation: You are frail. (-10% HP) [an orb of fire]
 46030 | Zot:5    | Gained mutation: You are very frail. (-20% HP) [an orb of
                  | fire]
 46032 | Zot:5    | Killed an orb of fire
 46033 | Zot:5    | Killed an orb of fire
 46040 | Zot:5    | Killed an orb of fire
 46071 | Zot:5    | Lost mutation: Your spells are a little harder to cast, but
                  | a little more powerful. [potion of mutation]
 46071 | Zot:5    | Lost mutation: You sometimes lose the ability to read
                  | scrolls when taking damage. [potion of mutation]
 46071 | Zot:5    | Gained mutation: You sometimes lose the ability to read
                  | scrolls when taking damage. [potion of mutation]
 46071 | Zot:5    | Gained mutation: You are partially covered in large bone
                  | plates. (SH +4) [potion of mutation]
 46072 | Zot:5    | Lost mutation: You are very frail. (-20% HP) [potion of
                  | mutation]
 46072 | Zot:5    | Lost mutation: You are clumsy. (Dex -2) [potion of
                  | mutation]
 46072 | Zot:5    | Lost mutation: You are frail. (-10% HP) [potion of
                  | mutation]
 46072 | Zot:5    | Gained mutation: You have large cloven feet. [potion of
                  | mutation]
 46072 | Zot:5    | Gained mutation: You are partially covered in iridescent
                  | scales. (AC +2) [potion of mutation]
 46207 | Zot:5    | Received a gift from Trog
 46210 | Zot:5    | Noticed an orb of fire
 46211 | Zot:5    | Noticed an orb of fire
 46213 | Zot:5    | Noticed an orb of fire
 46217 | Zot:5    | Noticed an ancient lich
 46218 | Zot:5    | Noticed a dread lich
 46221 | Zot:5    | Gained mutation: You are frail. (-10% HP) [an orb of fire]
 46224 | Zot:5    | Gained mutation: You occasionally lose the ability to drink
                  | potions when taking damage. [an orb of fire]
 46225 | Zot:5    | Gained mutation: You are vulnerable to cold. (rC-) [an orb
                  | of fire]
 46225 | Zot:5    | Lost mutation: You have large cloven feet. [an orb of fire]
 46226 | Zot:5    | Gained mutation: You sometimes lose your temper in combat.
                  | [an orb of fire]
 46228 | Zot:5    | Gained mutation: You are dopey. (Int -2) [an orb of fire]
 46229 | Zot:5    | Gained mutation: Your spells are a little easier to cast,
                  | but a little less powerful. [an orb of fire]
 46229 | Zot:5    | Gained mutation: Your magical capacity is low. (-10% MP)
                  | [an orb of fire]
 46229 | Zot:5    | Gained mutation: Armour fits poorly on your strangely
                  | shaped body. [an orb of fire]
 46230 | Zot:5    | Killed an orb of fire
 46230 | Zot:5    | Killed an orb of fire
 46232 | Zot:5    | Noticed an ancient lich
 46233 | Zot:5    | Gained mutation: You are weak. (Str -2) [an orb of fire]
 46234 | Zot:5    | Gained mutation: You are clumsy. (Dex -2) [an orb of fire]
 46235 | Zot:5    | Noticed a dread lich
 46237 | Zot:5    | Lost mutation: You sometimes lose your temper in combat.
                  | [an orb of fire]
 46237 | Zot:5    | Killed an ancient lich
 46239 | Zot:5    | Gained mutation: You are very weak. (Str -4) [an orb of
                  | fire]
 46241 | Zot:5    | Killed an orb of fire
 46251 | Zot:5    | HP: 8/239 [yellow draconian/+0 flail (22)]
 46251 | Zot:5    | HP: 1/239 [something (7)]
 46254 | Zot:5    | Killed a dread lich
 46254 | Zot:5    | Slain by a dread lich

Illustrated notes

Levels and vault maps discovered:
D:1:      dpeg_arrival_rooms_a, layout_basic, minmay_gold_behind_fungi
D:2:      layout_loops_ring, uniq_sigmund
D:3:      layout_basic, hellmonk_ghost_happy_afterlife,
          minmay_fractal_squares_diagonal_5
D:4:      corexii_shack_village, layout_cave_pools, serial_co_window_serial,
          co_window_corner_a, co_window_paths_a, co_window_cross_1,
          co_window_paths_a, co_window_cross_1, co_window_paths_b,
          co_window_of_opportunity_a, co_window_of_opportunity_b,
          co_window_of_opportunity_b, co_window_2corner, co_window_4corner_b,
          co_window_paths_e, glass_columns_b, serial_shops, shop, st_stairs_8,
          uniq_menkaure
D:5:      layout_basic, nicolae_dithmenos_through_a_glass_darkly,
          elyvilon_altar_4, chequers_temple_overflow_minitemple,
          nicolae_ossuary_entry_ruins, kennysheep_generic_room_7
D:6:      layout_basic, nicolae_overflow_hidden_temple, uniq_crazy_yiuf_cottage
D:7:      layout_gridville, minmay_temple_entry_wispy, ebering_ghost_gozag,
          uniq_maggie, uniq_duvessa, uniq_prince_ribbit1, uniq_pikel
D:8:      layout_loops_ring, zin_treasury, enter_bailey_4
D:9:      layout_cave_pools, mainiacjoe_overflow_tiny_flanked,
          mainiacjoe_overflow_alcove_2, general_overflow_altar
D:10:     layout_small_grid, trog_butcher_becter, david_lair_generic
D:11:     layout_basic, david_orc_1_choice
D:12:     layout_big_octagon, gammafunk_ghost_hydra_chop, serial_ice,
          serial_ice_b, serial_ice_m, serial_ice_l, serial_ice_h, minivault_13
D:13:     layout_irregular_city, erik_vaults_1, serial_shops, shop
D:14:     layout_small_grid, serial_shops, nicolae_shop_statue_plus,
          nicolae_shop_drivethru, nicolae_lakefront_shop, shop,
          nicolae_square_shop, fedhas_altar_1, grunt_decor_arrowhead,
          lemuel_zombie_altar_kikubaaqudgha, uniq_kirke
D:15:     hangedman_depths_entry_try_elsewhere_first, layout_rooms,
          abandoned_shop, nicolae_hepliaklqana_hippocampus, uniq_josephine
Lair:1:   beast_lair_carwin_large_1, layout_long_grid, enter_volcano_1,
          grunt_megastairs_3, lemuel_fruit_fields
Lair:2:   layout_loops_ring, nicolae_shoals_entry_flooding,
          nicolae_spider_entry_tight_spaces, gammafunk_ghost_grave,
          lemuel_fruit_fields
Lair:3:   minmay_lair_venomous_thicket, layout_cellular_growth,
          grunt_megastairs_5, serial_bayou_shore_a
Lair:4:   layout_loops_ring, slime_entry_1, small_statue_intersection,
          beast_lair_carwin_9
Lair:5:   hellmonk_lair_end_abyssal_woods, layout_hall_layers, basic_altar,
          grunt_megastairs_4, serial_bayou_shore_b, lemuel_fruit_fields,
          lemuel_fruit_fields
Shoals:1: layout_shoals, uniq_roxanne
Shoals:2: layout_shoals
Shoals:3: layout_shoals, serial_shops, nicolae_shop_real_fake_doors
Shoals:4: shoals_end_grunt_ice, layout_shoals, uniq_mara
Spider:1: layout_spider_delve, nicolae_spider_twisty_arc_passages
Spider:2: layout_spider_delve, nicolae_spider_acid_house, uniq_asterion
Spider:3: cheibrodos_spider_deadly_dance, gammafunk_ghost_tricky_traps
Spider:4: hellmonk_spider_rune_endless_swarm,
          nicolae_spider_some_kinda_spiderbox, uniq_arachne
Orc:1:    layout_diamond_mine, nicolae_orc_stony_grotto
Orc:2:    pf_orc_diabolical, layout_caves, serial_shops, shop, sword_in_stone,
          uniq_azrael
Elf:1:    elf_arrival_001, layout_gridlike, evilmike_minifort,
          nicolae_shop_self_help
Elf:2:    elven_hall_of_blades_hangedman_original [nicolae_blade_bullseye],
          layout_onion_city, hangedman_elf_disciples, minmay_shop_grove
Elf:3:    elf_hall_gauntlet_narrow, layout_geoelf_castle
Vaults:1: v_pattern_4, nicolae_vaults_trapezoid_lopsided_3,
          nicolae_vaults_trapezoid_1, ontoclasm_vaults_ligature,
          nicolae_vaults_wine_cellar, nicolae_vaults_alarming,
          layout_vaults_big_room, serial_shops, nicolae_shop_behind_doors
Vaults:2: gammafunk_ghost_smash, nicolae_vaults_diagonal_hallway_8,
          vaults_mumra_hex, v_misc_3, nicolae_vaults_off_center_swirl,
          nicolae_vaults_tetromino_L_1, nicolae_vaults_tetromino_Z_2,
          nicolae_vaults_theta, v_alt_pattern_5, vaults_mumra_lcd,
          minmay_crypt_entry_necro_gods, vaults_dpeg_ring,
          ontoclasm_vaults_decontamination, layout_vaults_maze_snakey,
          uniq_nikola, uniq_frederick, uniq_mennas
Vaults:3: nicolae_vaults_tangent_ellipses, hangedman_vaults_stitches,
          vaults_room_stairs_pillars, ontoclasm_vaults_ring_square,
          vaults_dpeg_encased_lava, vaults_mumra_minichess_inversion,
          nicolae_vaults_storage_closets_2, dpeg_vaults_monster_box,
          layout_vaults_omnicross, serial_shops, shop
Vaults:4: nicolae_vaults_branching_niches, vaults_room_ringed_pool, v_misc_27,
          vaults_dpeg_diagonal, v_pattern_2, nicolae_vaults_sesquioval_fish,
          nicolae_vaults_six-pack, hangedman_vaults_slice, v_misc_28,
          layout_vaults_ring, serial_shops, statue_bzr
Vaults:5
Depths:1: layout_gridlike, enter_ziggurat_f, minmay_room_of_horrors,
          pf_hell_entry_tar_river, minmay_guarded_unrand_vampires_tooth
Depths:2: minmay_tri_box, layout_cave_pools, hex_medium, pan_entry,
          grunt_hell_horde, nrook_kobold_shadow_demons,
          infiniplex_staircase_zigzag_3
Depths:3: minmay_imperfect_grid, layout_gridlike, solitary_fountain, hell_entry,
          grunt_pan_entry_spiral, gammafunk_ghost_ooze, abyss_entry
Depths:4: grunt_zot_entry_tricorne, layout_small_grid, hellmouth_3, abyss_entry,
          good_gods_temple_1
Zot:1:    lemuel_acid_trip, layout_concentric_octagons
Zot:2:    layout_gridlike
Zot:3:    layout_twisted_circle
Zot:4:    layout_gridlike, st_stairs_10, hangedman_zot_gyre, grunt_ministairs_7,
          zot_minivault_2
Zot:5:    layout_gridlike, grunt_ministairs_6

Skill      XL: |  1  2  3  4  5  6  7  8  9 10 11 12 13 14 15 16 17 18 19 20 21 22 23 24 25 26 |
---------------+-------------------------------------------------------------------------------+-----
Axes           | 4 5 6 7 9 11 13 15 16 18 19 20 21 22 23 | 23.5
Fighting       | 4 5 6 7 8 9 11 12 13 14 15 17 18 19 20 21 22 24 26 27 | 27.0
Armour         | 3 4 5 6 8 9 10 12 13 14 15 16 18 19 20 22 24 26 27 | 27.0
Dodging        | 3 4 6 7 8 10 11 12 13 14 15 16 17 18 19 20 22 23 25 27 | 27.0
Evocations     | 2 5 7 8 10 11 12 13 15 18 20 23 | 23.7

Action                     |  1- 3 |  4- 6 |  7- 9 | 10-12 | 13-15 | 16-18 | 19-21 | 22-24 | 25-27 || total
---------------------------+-------+-------+-------+-------+-------+-------+-------+-------+-------++-------
  Melee: Hand axe          |    66 |    62 |     3 |       |       |       |       |       |       ||   131
         Headbutt          |    10 |     7 |    20 |    73 |   164 |   190 |   380 |   333 |   230 ||  1407
         War axe           |       |       |   158 |   383 |   754 |    80 |       |       |       ||  1375
         Punch             |       |       |     2 |       |       |       |       |       |       ||     2
         Executioner's axe |       |       |       |       |       |   904 |  1278 |  1062 |   694 ||  3938
 Invoke: Trog's Hand       |     1 |     2 |     6 |     8 |     8 |    20 |     8 |     5 |     5 ||    63
         Berserk           |     1 |     2 |       |       |     1 |    16 |     7 |     2 |       ||    29
         Brothers in Arms  |       |       |       |       |       |       |       |     3 |     1 ||     4
  Evoke: Wand              |       |       |       |       |       |       |       |     1 |       ||     1
    Use: Scroll            |       |       |     8 |     7 |    21 |    15 |     5 |     8 |     2 ||    66
         Potion            |       |       |     2 |       |       |     2 |     9 |     3 |     6 ||    22
   Stab: Petrifying        |       |       |       |       |     1 |       |       |       |       ||     1
         Petrified         |       |       |       |       |     1 |       |       |       |       ||     1
         Distracted        |       |       |       |       |       |       |     2 |       |       ||     2
 Armour: Animal skin       |     7 |       |       |       |       |       |       |       |       ||     7
         Ring mail         |    10 |    25 |    17 |       |       |       |       |       |       ||    52
         Plate armour      |       |       |    22 |   158 |   354 |   742 |   708 |   601 |   485 ||  3070
  Dodge: Dodged            |    38 |    31 |    50 |   120 |   341 |   992 |  1053 |   957 |   587 ||  4169
  Block: Other             |       |     2 |    22 |    41 |       |       |       |       |    24 ||    89
         Reflection        |       |       |     1 |     3 |     9 |       |       |       |       ||    13
         Kite shield       |       |       |       |    68 |   403 |    54 |       |       |       ||   525
